 Dungeon Crawl Stone Soup version 0.27.1 (webtiles) character file.

Game seed: 5398265539970030762

4514 ZARRMARR the Thaumaturge (level 10, -5/50 HPs)
             Began as a Deep Elf Earth Elementalist on Aug 31, 2021.
             Was a Believer of Sif Muna.
             Shot with an arrow by a centaur warrior (18 damage)
             ... on level 9 of the Dungeon.
             The game lasted 01:20:58 (13354 turns).

ZARRMARR the Thaumaturge (DEEE)                    Turns: 13354, Time: 01:20:58

Health: -5/50      AC:  8    Str:  5    XL:     10   Next: 16%
Magic:  32/38      EV: 30    Int: 24    God:    Sif Muna [**....]
Gold:   650        SH:  0    Dex: 15    Spells: 26/36 levels left

rFire    . . .     SeeInvis .   a - +2 hunting sling (flame)
rCold    . . .     Faith    .   (no shield)
rNeg     . . .     Spirit   .   e - +0 steam dragon scales
rPois    .         Reflect  .   (no helmet)
rElec    .         Harm     .   (no cloak)
rCorr    .         Rampage  .   j - +0 pair of gloves
Will     +....                  p - +1 pair of boots
Stlth    ++........             b - amulet of the acrobat
HPRegen  0.16/turn              r - ring of magical power
MPRegen  0.26/turn              J - ring of wizardry

@: about to teleport, acrobatic, studying 2 skills
A: no striking features
a: Renounce Religion, Channel Magic


You were on level 9 of the Dungeon.
You worshipped Sif Muna.
Sif Muna was pleased with you.
You visited 2 branches of the dungeon, and saw 10 of its levels.

You collected 650 gold pieces.

Inventory:

Hand Weapons
 a - a +2 hunting sling of flaming (weapon)
 C - a +7 flail of freezing
 R - a +0 shortbow of flaming
Missiles
 l - 149 arrows
 z - a throwing net
 B - 2 boomerangs
 I - 105 stones
 K - 17 sling bullets (quivered ammo)
 M - 9 poisoned darts
Armour
 e - +0 steam dragon scales (worn)
 j - a +0 pair of gloves (worn)
 p - a +1 pair of boots (worn)
Magical Staves
 O - a staff of poison
Jewellery
 b - an amulet of the acrobat (around neck)
 r - a ring of magical power (left hand)
 J - a ring of wizardry (right hand)
 Q - an amulet of reflection
Wands
 u - a wand of paralysis (2)
 D - a wand of acid (6)
 L - a wand of flame (14)
 S - a wand of digging (6)
Scrolls
 d - 3 scrolls of amnesia
 g - a scroll of torment {unknown}
 o - a scroll of summoning {unknown}
 q - a scroll of magic mapping {unknown}
 s - 4 scrolls of noise {unknown}
 v - a scroll of brand weapon {unknown}
 w - 2 scrolls of enchant weapon {unknown}
 y - 2 scrolls of immolation {unknown}
 A - a scroll of fog {unknown}
 G - a scroll of silence {unknown}
 N - a scroll of fear {unknown}
Potions
 c - a potion of haste {unknown}
 f - 2 potions of invisibility
 h - 3 potions of brilliance
 i - 4 potions of attraction
 k - 2 potions of resistance
 m - 2 potions of cancellation
 t - a potion of berserk rage {unknown}
 x - a potion of magic {unknown}
 E - 2 potions of heal wounds
 F - 2 potions of ambrosia {unknown}
 H - 2 potions of mutation {unknown}
 P - a potion of curing {unknown}


   Skills:
 * Level 7.3 Dodging
 - Level 2.4 Stealth
 + Level 13.6 Spellcasting
 * Level 6.4 Hexes
 * Level 5.3 Summonings
 - Level 1.1 Transmutations
 - Level 3.2 Earth Magic
 * Level 5.0 Invocations


You had 26 spell levels left.
You knew the following spells:

 Your Spells              Type           Power      Damage    Failure   Level
a - Sandblast             Erth           64%        2d14      1%          1
b - Stone Arrow           Conj/Erth      48%        3d10      2%          3
c - Passwall              Tmut/Erth      21%        N/A       1%          2
d - Sting                 Tmut/Pois      76%        1d6       1%          1
e - Foxfire               Conj/Fire      64%        2x1d7     1%          1
f - Apportation           Tloc           32%        N/A       1%          1
g - Corona                Hex            52%        N/A       1%          1

Your spell library contained the following spells:

 Spells                   Type           Power      Damage    Failure   Level
 Animate Skeleton         Necr           32%        N/A       1%          1
 Beastly Appendage        Tmut           42%        N/A       1%          1
 Summon Small Mammal      Summ           100%       N/A       1%          1
 Inner Flame              Hex/Fire       31%        N/A       1%          3
 Corpse Rot               Necr/Air       N/A        N/A       2%          2
 Summon Mana Viper        Hex/Summ       44%        N/A       3%          5
 Conjure Flame            Conj/Fire      16%        6-21      4%          3
 Ignite Poison            Fire/Tmut/Pois 18%        N/A       4%          3
 Summon Ice Beast         Ice/Summ       29%        N/A       4%          4
 Petrify                  Tmut/Erth      26%        N/A       6%          4
 Dispel Undead            Necr           16%        3d10      16%         4
 Sticky Flame             Conj/Fire      16%        2d4       16%         4
 Monstrous Menagerie      Summ           21%        N/A       77%         7
 Death Channel            Necr           8%         N/A       89%         6


Dungeon Overview and Level Annotations

Branches:
Dungeon (9/15)             Temple (1/1) D:4
   Lair: D:8-11         Orc: D:9-12

Altars:
Ashenzari
Cheibriados
Elyvilon
Fedhas
Gozag
Hepliaklqana
Kikubaaqudgha
Nemelex Xobeh
Qazlal
Ru
Sif Muna
Trog
Uskayaw
Vehumet
Wu Jian
Xom
Yredelemnul
Zin
The Shining One

Annotations:
D:5 Pikel
D:6 1 runed translucent door, Crazy Yiuf


Message History

Aiming: Sandblast (safe; 1% risk of failure)
Press: ? - help, Shift-Dir - straight line, f/p - steam dragon
Aim: a steam dragon (steam, moderately wounded, catching its breath, 82% to hit)
The blast of sand hits the steam dragon!
The steam dragon is severely wounded.
I - 107 stones The centaur warrior wields a +0 shortbow.
The centaur warrior shoots an arrow.
The arrow hits you!
The steam dragon barely misses you. x2; The centaur warrior shoots an arrow.
The arrow barely misses you.
Casting: Sandblast (safe; 1% risk of failure)
Confirm with . or Enter, or press ? or * to list all spells.
Aiming: Sandblast (safe; 1% risk of failure)
Press: ? - help, Shift-Dir - straight line, f/p - steam dragon
Aim: a steam dragon (severely wounded, catching its breath, 82% to hit)
The blast of sand hits the steam dragon.
The steam dragon is almost dead.
I - 106 stones The steam dragon misses you.
The steam dragon claws you but does no damage.
The centaur warrior shoots an arrow.
The arrow barely misses you.
Casting: Sandblast (safe; 1% risk of failure)
Confirm with . or Enter, or press ? or * to list all spells.
Aiming: Sandblast (safe; 1% risk of failure)
Press: ? - help, Shift-Dir - straight line, f/p - steam dragon
Aim: a steam dragon (almost dead, 82% to hit)
The blast of sand misses the steam dragon.
I - 105 stones The centaur warrior shoots an arrow.
The arrow hits you! The steam dragon breathes steam at you.
The ball of steam hits you! You resist.
* * * LOW HITPOINT WARNING * * *
As you read the scroll of teleportation, it crumbles to dust.
You feel strangely unstable. The steam dragon bites you.
* * * LOW HITPOINT WARNING * * *
The steam dragon barely misses you.
The centaur warrior shoots an arrow.
The arrow completely misses you.
The centaur warrior shoots an arrow.
The arrow misses you.
The centaur warrior shoots an arrow.
The arrow hits you!!
You die...

##≈≈.. ...............
...... ..............c#
...####!..............#
........## #..........#
...##.....##..........#
...#....#.............##.
.........................
.><#...........(D§......#
.....# #....##..@§§.....#
.....####........######..
.....>............#
..#.######....#.#..#
..#.# ##..#..#.#..#
#.#.####......#.#..#
.........#.##.......
#.......##.####.#.#..
........##.# .#


You could see a centaur warrior and a steam dragon (catching breath).

Vanquished Creatures
  Prince Ribbit (D:6)
  A wyvern (D:5)
  4 steam dragons
  4 water moccasins
  Duvessa (D:6)
  3 sky beasts
  2 necrophages
  2 ice beasts
  A black bear (D:8)
  2 ogres
  A centaur (D:9)
  3 lemures (D:5)
  A kobold brigand (D:8)
  A gnoll sergeant (D:5)
  4 scorpions
  Dowan (D:6)
  A water moccasin skeleton (D:6)
  3 jellies
  9 wights
  4 howler monkeys
  A bullfrog zombie (D:5)
  A centaur zombie (D:6)
  3 orc priests
  A gnoll shaman (D:7)
  A bullfrog skeleton (D:5)
  A hound (D:5)
  A centaur skeleton (D:7)
  5 orc wizards
  2 iguanas
  A killer bee zombie (D:4)
  2 hound skeletons (D:5)
  2 hound zombies
  A howler monkey zombie (D:6)
  33 gnolls
  7 adders
  A white imp (D:8)
  An ufetubus (D:6)
  2 worms
  4 dart slugs
  29 orcs
  6 endoplasms
  2 giant cockroaches
  6 goblins
  11 hobgoblins
  12 jackals (D:5)
  11 kobolds
  2 quokkas
  8 ball pythons
  8 bats
  5 frilled lizards
  6 rats
225 creatures vanquished.

Vanquished Creatures (others)
  6 foxfires
  A plant (D:5)
7 creatures vanquished.

Grand Total: 232 creatures vanquished

Notes
Turn   | Place    | Note
-------+----------+-------------------------------------------
     0 | D:1      | ZARRMARR the Deep Elf Earth Elementalist began the quest
                  | for the Orb.
     0 | D:1      | Reached XP level 1. HP: 10/10 MP: 6/6
   173 | D:1      | Reached XP level 2. HP: 15/15 MP: 4/8
   344 | D:1      | Reached skill level 4 in Spellcasting
   481 | D:1      | Reached XP level 3. HP: 19/19 MP: 10/10
   687 | D:1      | Learned a level 2 spell: Passwall
   691 | D:1      | Learned a level 3 spell: Stone Arrow
   692 | D:1      | Identified a scroll of acquirement
   692 | D:1      | Acquired the Grimoire of Shifting Fire
   696 | D:1      | Learned a level 1 spell: Sting
   698 | D:1      | Learned a level 1 spell: Foxfire
  1163 | D:2      | Reached skill level 5 in Spellcasting
  1245 | D:2      | Reached XP level 4. HP: 24/24 MP: 11/13
  1600 | D:3      | Found a faded altar of an unknown god.
  1814 | D:3      | Reached skill level 6 in Spellcasting
  1814 | D:3      | Reached XP level 5. HP: 13/28 MP: 13/15
  2291 | D:3      | Found a blossoming altar of Fedhas.
  2457 | D:3      | Found a shimmering blue altar of Sif Muna.
  2484 | D:3      | Became a worshipper of Sif Muna the Loreminder
  2691 | D:4      | Noticed a steam dragon
  3078 | D:4      | Noticed an ogre
  3132 | D:4      | Reached skill level 1 in Hexes
  3394 | D:4      | Reached skill level 7 in Spellcasting
  3394 | D:4      | Reached XP level 6. HP: 28/32 MP: 18/18
  3515 | D:4      | Found a staircase to the Ecumenical Temple.
  3558 | D:4      | Killed a steam dragon
  3559 | D:4      | Reached skill level 1 in Summonings
  3559 | D:4      | Reached skill level 1 in Invocations
  3838 | D:4      | Reached skill level 8 in Spellcasting
  3838 | D:4      | Reached XP level 7. HP: 36/36 MP: 20/20
  4179 | D:4      | Found a staircase to the Ecumenical Temple.
  4670 | Temple   | Entered the Ecumenical Temple
  4885 | D:5      | Entered Level 5 of the Dungeon
  4959 | D:5      | Reached skill level 5 in Dodging
  5041 | D:5      | Reached skill level 9 in Spellcasting
  5127 | D:5      | Noticed Pikel
  5568 | D:5      | Found a broken altar of Ashenzari.
  5615 | D:5      | Reached * piety under Sif Muna
  5962 | D:5      | Reached XP level 8. HP: 41/41 MP: 23/23
  6523 | D:5      | Reached skill level 10 in Spellcasting
  7020 | D:5      | Reached ** piety under Sif Muna
  7202 | D:5      | Found a snail-covered altar of Cheibriados.
  7234 | D:5      | Found a glowing silver altar of Zin.
  7461 | D:6      | Reached skill level 11 in Spellcasting
  7562 | D:6      | Noticed Prince Ribbit
  7601 | D:6      | Reached XP level 9. HP: 45/45 MP: 20/26
  8088 | D:6      | Killed Prince Ribbit
  8089 | D:6      | Reached skill level 12 in Spellcasting
  8089 | D:6      | Reached skill level 5 in Hexes
  8466 | D:5      | Found a snail-covered altar of Cheibriados.
  8497 | D:5      | Found a glowing silver altar of Zin.
  8902 | D:6      | Noticed Dowan
  8902 | D:6      | Noticed Duvessa
  8909 | D:6      | Killed Dowan
  8915 | D:6      | Killed Duvessa
  9089 | D:6      | Found a runed translucent door.
  9090 | D:6      | Noticed Crazy Yiuf
  9415 | D:5      | Found a broken altar of Ashenzari.
 10222 | D:7      | Learned a level 1 spell: Apportation
 10287 | D:7      | Reached skill level 13 in Spellcasting
 10287 | D:7      | Reached skill level 5 in Summonings
 10608 | D:7      | Learned a level 1 spell: Corona
 10727 | D:7      | Found an opulent altar of Gozag.
 11174 | D:5      | Found a broken altar of Ashenzari.
 11457 | D:5      | Found a snail-covered altar of Cheibriados.
 11488 | D:5      | Found a glowing silver altar of Zin.
 12091 | D:8      | Reached XP level 10. HP: 50/50 MP: 29/29
 12641 | D:8      | Found a hazy altar of Hepliaklqana.
 12643 | D:8      | Found a hide-covered altar of Uskayaw.
 12643 | D:8      | Found a shimmering altar of Xom.
 12645 | D:8      | Found a broken altar of Ashenzari.
 12645 | D:8      | Found a shimmering blue altar of Sif Muna.
 12645 | D:8      | Found a shimmering blue altar of Sif Muna.
 12941 | D:5      | Found a broken altar of Ashenzari.
 13048 | D:9      | Reached skill level 5 in Invocations
 13349 | D:9      | Noticed a centaur warrior
 13354 | D:9      | Shot with an arrow by a centaur warrior

Illustrated notes

Levels and vault maps discovered:
D:1:      tarquinn_simple_flora_water_e, layout_basic
D:2:      layout_loops_ring, hex_tiny, hangedman_feature_mirror,
          minmay_liquid_box
D:3:      minmay_spotlight, layout_loops_ring, kennysheep_orc_sif_temple,
          overflow_temple_1_default, basic_ecumenical_altar, minivault_11
D:4:      layout_basic, minmay_temple_entry_antechambers, eino_curves_03,
          kennysheep_cross_bottleneck, st_stairs_5, kennysheep_doodads,
          minmay_manual_monstrance
D:5:      lemuel_castle_with_subvaults [lemuel_castle_interior_original],
          layout_basic, nicolae_ashenzari_skybound,
          mainiacjoe_overflow_two_lobes, uniq_pikel
D:6:      layout_basic, uniq_crazy_yiuf_cottage, uniq_duvessa,
          uniq_prince_ribbit1
D:7:      layout_rooms, lemuel_tele_altar
D:8:      layout_loops_ring, doesnt_xom_only_xom
D:9:      layout_rooms, marbit_many_paths, lightli_temple_of_fire,
          hangedman_tell_no_tales
Temple:   chequers_temple_sunken

Skill      XL: |  1  2  3  4  5  6  7  8  9 10 |
---------------+-------------------------------+-----
Dodging        | 3 4 5 6 7 |  7.3
Spellcasting   | 4 5 6 7 8 9 11 13 | 13.6
Hexes          | 1 2 3 4 6 |  6.4
Summonings     | 1 2 4 5 |  5.3
Invocations    | 1 2 3 4 5 |  5.0
Stealth        | |  2.4
Transmutations | |  1.1
Earth Magic    | |  3.2

Action                   |  1- 3 |  4- 6 |  7- 9 | 10-12 || total
-------------------------+-------+-------+-------+-------++-------
Melee: Flail             |       |       |     1 |       ||     1
 Fire: Hunting sling     |    42 |    38 |   112 |    11 ||   203
Throw: Boomerang         |       |       |    32 |       ||    32
 Cast: Sandblast         |    35 |    45 |   159 |    25 ||   264
       Stone Arrow       |       |       |   132 |     7 ||   139
       Apportation       |       |       |     4 |       ||     4
       Foxfire           |       |       |     3 |       ||     3
       Passwall          |       |       |     1 |       ||     1
Evoke: Wand              |       |     1 |       |       ||     1
  Use: Scroll            |     2 |     2 |     7 |     3 ||    14
Armor: Robe              |     2 |     3 |       |       ||     5
       Steam dragon scal |       |       |    20 |     4 ||    24
Dodge: Dodged            |     3 |    10 |    60 |    17 ||    90
